Map: Astillero orbital

Players

xXkazperXx - Winner!

  • Race: Zerg Zerg
  • League: Bronze

RANURA DE IA (Muy fácil)

  • Race: Zerg Zerg

VOD

Have the link to the VOD?

Description

Time

  • Played on: April 2, 2016, 11:08 p.m.
  • Length: 5:18
Show
View Real Time Build Order
Export as new Build Order

xXkazperXx Zerg - Winner!

Build Orders: Pool Only 

Get SALT Encoding   

  14  0:14  Drone x2  
  14  0:30  Overlord  
  14  0:35  Overlord  
  14  0:52  Spawning Pool  
  13  1:32  Drone  
  14  1:41  Queen  
  14  1:44  Zergling x4  
  18  1:58  Extractor  
  18  1:59  Drone x2  
  19  2:16  Drone  
  19  2:22  Drone  
  20  2:45  Zergling x2  
  20  2:46  Zergling x2  
  22  3:02  Roach Warren  
  21  3:08  Zergling x8  
  25  3:16  Metabolic Boost  
  25  3:37  Zergling x8  
  25  3:38  Zergling x2  
  30  3:48  Lair  
  30  4:14  Overlord x2  
Show
View Real Time Build Order
Export as new Build Order

RANURA DE IA (Muy fácil) Zerg 

Build Orders: Pool Only 

Get SALT Encoding   

  12  0:01  Drone  
  13  0:12  Overlord  
  13  0:17  Drone  
  14  0:35  Spawning Pool  
  14  0:37  Extractor  
  14  0:39  Drone  
  13  0:46  Drone  
  14  0:51  Overlord  
  14  1:22  Queen  
  14  1:23  Zergling x2  
  17  1:31  Roach Warren  
  16  1:34  Drone  
  16  1:39  Extractor  
  16  1:42  Zergling x2, Drone  
  18  1:55  Drone  
  19  2:02  Zergling x2  
  19  2:06  Drone  
  21  2:17  Drone  
  22  2:27  Drone  
  22  2:29  Overlord  
  23  2:34  Drone  
  24  2:42  Drone  
  25  4:27  Zergling x2  
  23  4:44  Drone  
  18  4:47  Zergling x2  
  18  4:51  Drone  
  5  4:58  Drone  
Tags
 
Add a new tag
Caveats
  • Supply blocks, unpowered buildings, or Contaminate may cause inaccurate times.
  • Supply counts are checked every 10 seconds.